 Dungeon Crawl Stone Soup version 0.28.0-53-g5a82cb258f (webtiles) character file.

Game seed: 15057891441204027385

0 Descartes the Ducker (level 1, 0/10 HPs)
             Began as a Felid Chaos Knight on July 22, 2022.
             Was a Plaything of Xom.
             Slain by a goblin
             ... wielding a +0 dagger
              (4 damage)
             ... on level 1 of the Dungeon.
             The game lasted 00:00:11 (20 turns).

Descartes the Ducker (Felid Chaos Knight)             Turns: 20, Time: 00:00:12

Health: 0/10       AC:  1    Str:  8    XL:     1   Next: 8%
Magic:  2/2        EV: 17    Int: 13    God:    Xom [..*...]
Gold:   0          SH:  0    Dex: 15    Spells: 0/0 levels left
                                        Lives:  0   Deaths: 0

rFire   . . .      SeeInvis +     - Unarmed
rCold   . . .      Faith    .   (shield unavailable)
rNeg    . . .      Spirit   .   (armour unavailable)
rPois   .          Reflect  .   (helmet unavailable)
rElec   .          Harm     .   (cloak unavailable)
rCorr   .          Rampage  .   (gloves unavailable)
Will    .....                   (boots unavailable)
Stlth   +.........              (no amulet)
HPRegen 0.03/turn               (no ring)
MPRegen 0.08/turn               (no ring)

@: quick
A: very small, claws 1, fangs 3, see invisible, speed 1, shaggy fur 1, stealthy
paws, no weapons or thrown items, no armour, multi-lived
a: Renounce Religion


You were on level 1 of the Dungeon.
You worshipped Xom.
You were a toy of Xom.
You visited 1 branch of the dungeon, and saw 1 of its levels.

You aren't carrying anything.


   Skills:
 + Level 3.0 Fighting
 + Level 3.2 Dodging
 + Level 0.0 Stealth
 + Level 3.0 Unarmed Combat


You couldn't memorise any spells.
You didn't know any spells.
Your spell library was empty.

Dungeon Overview and Level Annotations

Branches:
Dungeon (1/15)

Altars:


Innate Abilities, Weirdness & Mutations

You have sharp claws.
You have razor-sharp teeth.
You have supernaturally acute eyesight. (SInv)
You cover ground quickly. (Speed+)
You are covered in fur. (AC +1)
Your paws help you pounce on unaware monsters.
You are incapable of wielding weapons or throwing items.
You cannot wear armour.
You gain extra lives every three experience levels.


Message History

Found a staircase leading out of the dungeon.
A rat comes into view.
Found a scroll labelled ENTASTR EGEICIN.
A rat is nearby!
You see here a +0 pair of boots.
A goblin comes into view. It is wielding a +0 dagger.
The goblin shouts!
A kobold comes into view. It is wielding a +0 whip.
The kobold shouts!
You barely miss the rat. The rat bites you.
You scratch the rat.
You kill the rat!
The goblin hits you with a +0 dagger.
You closely miss the goblin. The goblin hits you with a +0 dagger.
You are too injured to fight recklessly!
You are too injured to fight recklessly!
You are too injured to fight recklessly!
You are too injured to fight recklessly!
You are too injured to fight recklessly!
You are too injured to fight recklessly!
You are too injured to fight recklessly!
You are too injured to fight recklessly!
You are too injured to fight recklessly!
You are too injured to fight recklessly!
You are too injured to fight recklessly!
You are too injured to fight recklessly!
You are too injured to fight recklessly!
You are too injured to fight recklessly!
You are too injured to fight recklessly!
You are too injured to fight recklessly!
You are too injured to fight recklessly!
You are too injured to fight recklessly!
You are too injured to fight recklessly!
Unknown command.
You closely miss the goblin.
A ball python comes into view.
The goblin barely misses you.
A hobgoblin comes into view.
You closely miss the goblin. The goblin hits you with a +0 dagger.
You die...

#. .g...# #. #####
.S#.# ####.##....#
...# ##...........
#..# ##..≈≈≈≈≈≈≈..#
#..###..≈≈.....≈≈..
#.K.#..≈≈.......≈≈.
#.?...≈≈..8.<..♣.≈≈
#.@...≈........8..≈
#.g#.!≈.....♣.....≈
##..##.≈≈.........≈≈
........[≈≈..8....≈≈.
######....≈≈♣....≈≈..
##..(.≈≈≈.≈≈≈...
##............#
##..........##
#...........#


You could see a hobgoblin (wandering), a goblin, a ball python (wandering) and a
kobold.

Vanquished Creatures
  A rat (D:1)
1 creature vanquished.

Notes
Turn   | Place    | Note
-------+----------+-------------------------------------------
     0 | D:1      | Descartes the Felid Chaos Knight began the quest for the
                  | Orb.
     0 | D:1      | Reached XP level 1. HP: 10/10 MP: 2/2
    20 | D:1      | Slain by a goblin

Illustrated notes

Levels and vault maps discovered:
D:1:      moated_graveyard_arrival, layout_loops_ring

Action                   || total
-------------------------++-------
Melee: Unarmed           ||     5
Dodge: Dodged            ||     1
